 Dungeon Crawl Stone Soup version 0.31-a0-675-g238779eb0a (webtiles) character file.

Game seed: 14411770343951819688

4 Xavori the Cutter (level 1, -1/16 HPs)
             Began as an Octopode Chaos Knight on Sept 5, 2023.
             Was a Plaything of Xom.
             Slain by a jackal (3 damage)
             ... on level 1 of the Dungeon.
             The game lasted 00:00:03 (88 turns).

Xavori the Cutter (Octopode Chaos Knight)             Turns: 88, Time: 00:00:04

Health: -1/16      AC:  1    Str: 11    XL:     1   Next: 60%
Magic:  1/1        EV: 13    Int: 14    God:    Xom [..*...]
Gold:   12         SH:  0    Dex: 11    Spells: 0/0 levels left

rFire   . . .        a - +0 short sword (chaos)
rCold   . . .        (no shield)
rNeg    . . .        (helmet restricted)
rPois   .            (no amulet)
rElec   .            (no ring)
rCorr   .            (no ring)
SInv    .            (no ring)
Will    .....        (no ring)
Stlth   ++           (no ring)
HPRegen 0.22/turn    (no ring)
MPRegen 0.07/turn    (no ring)
                     (no ring)

%: no passive effects
@: no status effects
A: almost no armour, amphibious, 8 rings, camouflage 1, gelatinous body 1,
(nimble swimmer 1), tentacles
a: Renounce Religion


You were on level 1 of the Dungeon.
You worshipped Xom.
You were a toy of Xom.
You visited 1 branch of the dungeon, and saw 1 of its levels.

You collected 12 gold pieces.

Inventory:

Hand Weapons
 a - a +0 short sword of chaos (weapon)
Scrolls
 b - a scroll of butterflies


   Skills:
 + Level 3.1 Fighting
 + Level 3.1 Short Blades
 + Level 2.4 Dodging


You couldn't memorise any spells.
You didn't know any spells.
Your spell library was empty.

Dungeon Overview and Level Annotations

Branches:
Dungeon (1/15)

Altars:


Innate Abilities, Weirdness & Mutations

You cannot wear most types of armour.
You are amphibious.
You can wear up to eight rings at the same time.
Your skin changes colour to match your surroundings (Stealth+).
Your rubbery body absorbs attacks. (AC +1, EV +1)
((You are camouflaged when in or above water. (Stealth+)))
You have tentacles for arms and can constrict up to eight enemies at once.


Message History

You hit the endoplasm but do no damage. Your squeeze misses the endoplasm.
The endoplasm is almost dead.
The endoplasm hits you but does no damage.
There are monsters nearby!
You hit the endoplasm.
You kill the endoplasm!
There are monsters nearby!
You hit the jackal. You grab the jackal.
The jackal is heavily wounded.
You constrict the jackal. The jackal bites you.
A jackal comes into view.
The jackal bites you.
A jackal comes into view.
The jackal misses you. The jackal closely misses you.
The jackal barks!
You hit the jackal but do no damage.
The jackal suddenly stops moving!
The jackal is severely wounded.
You constrict the jackal.
You kill the jackal!
The jackal closely misses you.
Unknown command.
You barely miss the jackal. Your grab misses the jackal.
The jackal closely misses you. The jackal bites you.
You hit the goblin but do no damage.
The goblin is poisoned.
You grab the goblin. You constrict the goblin. The jackal bites you.
The jackal barely misses you.
You hit the goblin.
You kill the goblin!
The jackal misses you. x2; The jackal bites you.
The jackal attacks as it pursues you! The jackal bites you. x2
* * * LOW HITPOINT WARNING * * *
You are too injured to fight recklessly!
The jackal attacks as it pursues you! The jackal barely misses you.
The jackal closely misses you.
You barely miss the jackal. You grab the jackal.
You constrict the jackal, but do no damage.
The jackal bites you.
* * * LOW HITPOINT WARNING * * *
The jackal bites you.
You die...

#.### ###.#.###.
#...# #...# #.
###.### #.#.###.
#.....# #.#.....
#.###.#########.##
...#...#...#.....#
..####.###.#.#.#.###
.. #...#<..#...#...
...
#@#.#####)#####.#
####. #h#.......#
... . ....
#h######### ## ..
...##h#
...##..#..##.#.#.
.....#.........
#.)#.###.#...
#.†.........
#?##.###.....


You could see 3 jackals.

Vanquished Creatures
  An endoplasm (D:1)
  A goblin (D:1)
  A jackal (D:1)
3 creatures vanquished.

Notes
Turn   | Place    | Note
-------+----------+-------------------------------------------
     0 | D:1      | Xavori the Octopode Chaos Knight began the quest for the
                  | Orb.
     0 | D:1      | Reached XP level 1. HP: 16/16 MP: 1/1
    88 | D:1      | Slain by a jackal

Illustrated notes

Levels and vault maps discovered:
D:1:      elethiomel_arrival_maze, layout_basic, minmay_misc_feat_room

Action                     || total
---------------------------++-------
  Melee: Short sword       ||     9
         Constrict         ||     3
 Armour: Skin              ||    11
  Dodge: Dodged            ||     9

Table legend: (Time is in decaauts)
 A = Elapsed time spent in this place.
 B = Non-inter-level travel time spent in this place.
 C = Inter-level travel time spent in this place.
 D = Time resting spent in this place.
 E = Time spent auto-exploring this place.
 F = Levels seen in this place.
 G = Mean time per level.
                   A        B        C        D        E       F      G
               +--------+--------+--------+--------+--------+-----+--------+
         Total |     86 |     86 |      0 |      0 |     68 |   1 |   86.0 |
       Dungeon |     86 |     86 |      0 |      0 |     68 |   1 |   86.0 |
               +--------+--------+--------+--------+--------+-----+--------+

Top non-repeatable levels by time:
     D:1: 86 daAuts
